 Dungeon Crawl Stone Soup version 0.29-a0-997-gf6f7e2dfe7 (webtiles) character file.

Game seed: 17651564295880657930

1725 Sobieck the Cleaver (level 8, -4/62 HPs)
             Began as a Palentonga Abyssal Knight on Aug 4, 2022.
             Was an Elder of Lugonu.
             Slain by a boulder beetle (23 damage)
             ... on level 6 of the Dungeon.
             The game lasted 00:14:56 (8474 turns).

Sobieck the Cleaver (Palentonga Abyssal Knight)     Turns: 8474, Time: 00:14:57

Health: -4/62      AC: 19    Str: 19 (21) XL:     8   Next: 75%
Magic:  11/11      EV:  7    Int:  8 (10) God:    Lugonu [****..]
Gold:   360        SH:  0    Dex: 11      Spells: 7/7 levels left

rFire   . . .      SeeInvis +   a - +0 war axe (freeze) {axe}
rCold   . . .      Faith    .   (no shield)
rNeg    . . .      Spirit   .   t - +0 leather armour
rPois   .          Reflect  .   n - +1 helmet
rElec   .          Harm     .   (no cloak)
rCorr   +          Rampage  .   (no gloves)
Will    .....                   J - +1 barding {Fly}
Stlth   +.........              s - amulet of magic regeneration {@e2}
HPRegen 0.20/turn               w - ring of resist corrosion
MPRegen 0.52/turn               (no ring)

@: flying, curled up
A: large, rugged brown scales 3, see invisible, deformed body, roll 1, armoured
tail, reflexive curl
a: Rolling Charge, Renounce Religion, Depart the Abyss, Bend Space, Banish,
Corrupt


You were on level 6 of the Dungeon.
You worshipped Lugonu.
Lugonu was greatly pleased with you.
You visited 1 branch of the dungeon, and saw 6 of its levels.
You visited the Abyss 1 time.

You collected 360 gold pieces.


Innate Abilities, Weirdness & Mutations

You are completely covered in rugged brown scales. (AC +3, +7% HP)
You have supernaturally acute eyesight. (SInv)
Armour fits poorly on your strangely shaped body.
You can roll at nearby foes to attack.
You have a long armoured tail.
You curl defensively after being hit. (AC +7*)


   Skills:
 - Level 3.0 Fighting
 + Level 10.8 Axes
 - Level 1.5 Armour
 - Level 0.7 Dodging
 + Level 4.4 Invocations


You had 7 spell levels left.
You didn't know any spells.
Your spell library contained the following spells:

 Spells                   Type           Power      Damage    Failure   Level
 Beastly Appendage        Tmut           0%         N/A       45%         1
 Magic Dart               Conj           0%         1d3       45%         1
 Sting                    Tmut/Pois      0%         1d3       45%         1
 Blink                    Tloc           0%         N/A       61%         2
 Poisonous Vapours        Pois/Air       0%         N/A       61%         2
 Searing Ray              Conj           0%         2d4       61%         2
 Sublimation of Blood     Necr           0%         N/A       61%         2
 Wereblood                Tmut           0%         N/A       61%         2
 Lesser Beckoning         Tloc           0%         N/A       83%         3
 Spider Form              Tmut/Pois      0%         N/A       83%         3
 Corpse Rot               Necr/Pois/Air  0%         N/A       99%         4
 Fulminant Prism          Conj/Hex       0%         3d6       99%         4
 Iskenderun's Mystic Bla  Conj/Tloc      0%         2d3       99%         4
 Olgreb's Toxic Radiance  Pois           0%         N/A       99%         4
 Petrify                  Tmut/Erth      0%         N/A       99%         4
 Irradiate                Conj/Tmut      0%         3d11      100%        5
 Lee's Rapid Deconstruct  Erth           0%         3d5*      100%        5
 Manifold Assault         Tloc           0%         N/A       100%        5

Inventory:

Hand Weapons
 a - a +0 war axe of freezing (weapon) {axe}
   (You took it off an orc on level 5 of the Dungeon)
 b - a +0 sling of freezing
   (You found it on level 2 of the Dungeon)
 h - a +6 flail of venom {mace}
   (You took it off Edmund on level 4 of the Dungeon)
 v - a +2 hammer of holy wrath
   (You found it on level 4 of the Dungeon)
 O - a +2 hand axe {axe}
 P - a +2 short sword of holy wrath {short}
   (You took it off an orc on level 5 of the Dungeon)
Missiles
 c - 6 javelins {throwing}
 k - 51 stones {throwing}
 r - 2 curare-tipped darts {=fthrowing}
 z - 4 poisoned darts {throwing}
Armour
 i - a +0 robe
   (You found it on level 1 of the Dungeon)
 j - a +0 ring mail
   (You found it on level 1 of the Dungeon)
 m - a +0 animal skin
   (You took it off Robin on level 1 of the Dungeon)
 n - a +1 helmet (worn)
   (You took it off Robin on level 1 of the Dungeon)
 o - a +0 robe
   (You found it on level 2 of the Dungeon)
 t - a +0 leather armour (worn)
 u - a +0 ring mail
   (You found it on level 4 of the Dungeon)
 x - a +0 ring mail
   (You found it on level 3 of the Dungeon)
 y - a +0 robe
   (You found it on level 3 of the Dungeon)
 J - a +1 barding of flying (worn)
   (You found it on level 5 of the Dungeon)
 K - a +0 scale mail
   (You took it off an orc on level 5 of the Dungeon)
 N - a +0 leather armour
   (You took it off an orc on level 5 of the Dungeon)
 Q - a +0 ring mail
   (You found it on level 5 of the Dungeon)
 R - a +0 ring mail
   (You took it off an orc priest on level 5 of the Dungeon)
 S - a +0 robe
   (You took it off an orc wizard on level 5 of the Dungeon)
 T - a +0 robe
   (You took it off an orc wizard on level 5 of the Dungeon)
 U - a +0 chain mail
   (You took it off an orc on level 5 of the Dungeon)
 V - a +0 robe
   (You took it off an orc wizard on level 6 of the Dungeon)
 W - a +0 robe
   (You found it on level 5 of the Dungeon)
 X - a +0 scale mail
   (You took it off an orc on level 6 of the Dungeon)
 Y - a +0 plate armour
   (You took it off an orc warrior on level 6 of the Dungeon)
 Z - a +0 robe
   (You took it off an orc wizard on level 6 of the Dungeon)
Magical Staves
 g - a staff of death {!astaff}
   (You found it on level 1 of the Dungeon)
 D - a staff of cold {!astaff}
   (You found it on level 4 of the Dungeon)
Jewellery
 s - an amulet of magic regeneration (around neck) {@e2}
   (You found it on level 2 of the Dungeon)
 w - a ring of resist corrosion (left hand)
   (You found it on level 3 of the Dungeon)
 M - a ring of ice
   (You found it on level 5 of the Dungeon)
Wands
 I - a wand of polymorph (6)
   (You found it on level 6 of the Dungeon)
Scrolls
 p - 4 scrolls of noise {!r}
 q - 2 scrolls of immolation {!r!r}
 A - a scroll of butterflies {unknown}
 B - a scroll of brand weapon
 C - a scroll of fear
 E - a scroll of teleportation {@r4}
Potions
 d - 2 potions of curing {@q1}
 e - a potion of resistance
 f - 2 potions of degeneration {!q@e2}
 l - 2 potions of heal wounds {@q2}
 F - a potion of flight {unknown}
 G - a potion of attraction {unknown}
 H - a potion of magic {unknown}
 L - 2 potions of mutation {unknown}

Dungeon Overview and Level Annotations

Branches:
Dungeon (6/15) Zot: 25795  Temple (0/1) D:4

Altars:
Ashenzari
Dithmenos
Gozag
Kikubaaqudgha
Qazlal
Sif Muna
Vehumet
The Shining One

Shops:
D:1 [   D:6 ?([

Annotations:
D:4 1 runed translucent door, Crazy Yiuf
D:6 4 runed translucent doors

## ##. ##..
#..######
#.##†...##
########.#.####.#
##........#..#.#.#
##..##++##.'.#.##.#
...##8.T8#######@.#
...#8....8# #}.B.##
...#(....)# ######
...#}....(#
...#8....8#
.#.##8..8##
.#..##++# .##......
.. ######


You could see a boulder beetle.


Message History

You hit the orc. You freeze the orc.
Your tail-slap misses the orc.
You barely miss the orc. The orc hits you with a +0 dagger.
The orc hits you but does no damage.
You barely miss the orc. You tail-slap the orc.
You kill the orc!
Lugonu accepts your kill.
You slash the orc! You freeze the orc.
You kill the orc!
Lugonu accepts your kill. The orc barely misses you.
You see here a +0 whip {mace}.
You hit the orc but do no damage. You tail-slap the orc.
The orc hits you but does no damage.
You slash the orc! You freeze the orc.
You kill the orc!
Lugonu accepts your kill.
No target in view!
Things that are here:
a +0 club {mace}; an orc corpse
L - 2 smoky ruby potions (gained 1)
You see here a +0 halberd {polearm}.
Found a stone staircase leading up.
Unknown command.
Found Xaonisuoz's Weapon Shop.
Unknown command.
Found a stone staircase leading down.
Unknown command.
You see here a +0 hand axe {axe}.
You now have 328 gold pieces (gained 7).
There is an entrance to Xaonisuoz's Weapon Shop here.
Unknown command.
The troll shouts!
You hear a shout!
You now have 341 gold pieces (gained 13).
You reach down and open the door.
A white imp comes into view.
The white imp shouts!
The white imp gestures at you.
The puff of frost hits you but does no damage.
There is an open door here.
Danger!
You roll forward with a clatter of scales!
You barely miss the white imp. The white imp gestures at you.
The puff of frost hits you.
Unknown command.
You slash the white imp! You slash the white imp!
You kill the white imp!
Lugonu accepts your kill.
You feel your intelligence returning.
No target in view!
No target in view!
A necrophage comes into view.
Danger!
You roll forward with a clatter of scales!
You barely miss the necrophage.
Your tail-slap misses the necrophage.
You punch the necrophage, but do no damage.
The necrophage hits you but does no damage.
You slash the necrophage!
Your tail-slap misses the necrophage.
The necrophage closely misses you.
You hit the necrophage but do no damage.
The necrophage hits you but does no damage.
You barely miss the necrophage. The necrophage closely misses you.
You hit the necrophage. The necrophage barely misses you.
You hit the necrophage but do no damage.
You tail-slap the necrophage.
The necrophage hits you but does no damage.
You closely miss the necrophage.
The necrophage hits you but does no damage.
You slash the necrophage! You freeze the necrophage.
Your tail-slap misses the necrophage.
The necrophage hits you but does no damage.
You slash the necrophage! You freeze the necrophage.
You destroy the necrophage!
Lugonu accepts your kill.
No target in view!
You see here a necrophage corpse.
You now have 360 gold pieces (gained 19).
You see here a necrophage corpse.
A boulder beetle comes into view.
Danger!
You roll forward with a clatter of scales!
You slash the boulder beetle! You freeze the boulder beetle.
The boulder beetle bites you.
You hit the boulder beetle but do no damage.
The boulder beetle bites you!!
You are too injured to fight recklessly!
You are too injured to fight recklessly!
You are too injured to fight recklessly!
Unknown command.
You hit the boulder beetle but do no damage.
You tail-slap the boulder beetle, but do no damage.
The boulder beetle bites you!!
* * * LOW HITPOINT WARNING * * *
You hit the boulder beetle. You freeze the boulder beetle.
You tail-slap the boulder beetle, but do no damage.
The boulder beetle bites you but does no damage.
You hit the boulder beetle but do no damage.
The boulder beetle bites you!!
You die...

Skill      XL: |  1  2  3  4  5  6  7  8 |
---------------+-------------------------+-----
Axes           | 3 4 5 6 7 9 10 | 10.8
Invocations    | 4 |  4.4
Fighting       | |  3.0
Armour         | |  1.5
Dodging        | |  0.7

Action                   |  1- 3 |  4- 6 |  7- 9 || total
-------------------------+-------+-------+-------++-------
Melee: Hand axe          |   117 |   177 |    71 ||   365
       Tailslap          |    10 |    19 |    28 ||    57
       Punch             |       |     5 |     6 ||    11
       War axe           |       |       |   131 ||   131
 Fire: Sling             |       |     1 |       ||     1
Throw: Dart              |       |     1 |       ||     1
 Abil: Rolling Charge    |    23 |    39 |    23 ||    85
  Use: Scroll            |     1 |     7 |     5 ||    13
       Potion            |       |     1 |     3 ||     4
Armor: Leather armour    |    41 |    78 |   128 ||   247
Dodge: Dodged            |    65 |    67 |    74 ||   206

Levels and vault maps discovered:
D:1:      amcnicky_arrival_flooded_fountain, layout_basic, serial_shops, shop,
          kennysheep_nondescript
D:2:      layout_basic, serial_corexii_hall, corexii_hall_statues_x,
          corexii_hall_statues_l, basic_altar, minivault_25, uniq_robin
D:3:      layout_basic, amcnicky_altar_gilded, lemuel_round_altar,
          nicolae_overflow_squiral, shapermc_ecumenical_altar_venn,
          minmay_between
D:4:      layout_loops_corners, mainiacjoe_overflow_chevrons,
          nicolae_vehumet_radiance, minmay_temple_entry_mini_moons, uniq_edmund,
          uniq_crazy_yiuf_cottage
D:5:      layout_basic, tso_metal_star, minivault_1, kennysheep_small_spiral,
          lemuel_flame_loot_1, uniq_prince_ribbit1
D:6:      layout_basic, nicolae_dithmenos_shadow_blocks, serial_shops,
          nicolae_lakefront_shop, shop, nicolae_shop_bloodbath_and_beyond,
          nicolae_shop_waterfront, serial_rivers,
          chequers_serial_rivers_micro_b, chequers_serial_rivers_small_b,
          chequers_serial_rivers_micro_a, chequers_serial_rivers_micro_a,
          minmay_misc_feat_alley, minmay_hollow_rounded_squares

Notes
Turn   | Place    | Note
-------+----------+-------------------------------------------
     0 | Abyss:1  | Sobieck the Palentonga Abyssal Knight began the quest for
                  | the Orb.
     0 | Abyss:1  | Reached XP level 1. HP: 19/19 MP: 2/2
     1 | D:1      | You pass through the gate.
     1 | D:1      | Escaped the Abyss
   253 | D:1      | Found Coxoitec's Armour Shoppe.
   557 | D:1      | Reached XP level 2. HP: 25/25 MP: 3/3
   711 | D:1      | You pick up a book of Vapours and begin reading...
   711 | D:1      | You add the spells Poisonous Vapours and Corpse Rot to your
                  | library.
  1024 | D:2      | Found a glowing golden altar of the Shining One.
  1108 | D:2      | Reached skill level 3 in Axes
  1565 | D:2      | Noticed Robin
  1720 | D:1      | Reached XP level 3. HP: 30/31 MP: 4/4
  1846 | D:1      | Killed Robin
  2020 | D:2      | Reached *** piety under Lugonu
  2024 | D:2      | Reached skill level 4 in Axes
  2208 | D:2      | Reached XP level 4. HP: 37/37 MP: 5/5
  2757 | D:3      | Found a shimmering blue altar of Sif Muna.
  2788 | D:3      | Found a faded altar of an unknown god.
  2791 | D:3      | Reached skill level 5 in Axes
  2805 | D:3      | You pick up a book of Vapours and begin reading...
  2895 | D:3      | Found an ancient bone altar of Kikubaaqudgha.
  2906 | D:3      | You pick up a book of Conjurations {@e2} and begin
                  | reading...
  2906 | D:3      | You add the spells Magic Dart, Searing Ray and Fulminant
                  | Prism to your library.
  3041 | D:3      | Reached XP level 5. HP: 21/43 MP: 6/6
  3286 | D:3      | You pick up a book of Changes and begin reading...
  3286 | D:3      | You add the spells Beastly Appendage, Wereblood and Spider
                  | Form to your library.
  3343 | D:3      | Found a broken altar of Ashenzari.
  3344 | D:3      | Found an opulent altar of Gozag.
  3874 | D:3      | Reached skill level 6 in Axes
  4142 | D:4      | Reached **** piety under Lugonu
  4284 | D:4      | Found a radiant altar of Vehumet.
  4321 | D:4      | Found a runed translucent door.
  4341 | D:4      | Found a stormy altar of Qazlal.
  4661 | D:4      | Found a staircase to the Ecumenical Temple.
  4673 | D:4      | Reached XP level 6. HP: 31/50 MP: 7/7
  5028 | D:4      | Noticed Edmund
  5036 | D:4      | Killed Edmund
  5037 | D:4      | Reached skill level 7 in Axes
  5348 | D:4      | Noticed Crazy Yiuf
  5547 | D:5      | Entered Level 5 of the Dungeon
  5681 | D:5      | You pick up a book of Spatial Translocations and begin
                  | reading...
  5681 | D:5      | You add the spells Blink, Lesser Beckoning and Manifold
                  | Assault to your library.
  5724 | D:5      | Gained mutation: You curl defensively after being hit. (AC
                  | +7*) [Palentonga growth]
  5724 | D:5      | Reached XP level 7. HP: 45/54 MP: 8/8
  5732 | D:5      | Reached skill level 8 in Axes
  5989 | D:5      | Noticed Prince Ribbit
  6019 | D:5      | Killed Prince Ribbit
  6020 | D:5      | Reached skill level 9 in Axes
  6020 | D:5      | Reached XP level 8. HP: 17/62 MP: 9/9
  6258 | D:5      | Found a glowing golden altar of the Shining One.
  6504 | D:5      | You pick up a book of Blasting and begin reading...
  6504 | D:5      | You add the spells Iskenderun's Mystic Blast and Lee's
                  | Rapid Deconstruction to your library.
  6654 | D:5      | Reached skill level 10 in Axes
  6956 | D:5      | You add the spells Sting and Olgreb's Toxic Radiance to
                  | your library.
  7460 | D:6      | Found Zeublyc's Armour Shop.
  7465 | D:6      | You pick up a book of Alchemy and begin reading...
  7465 | D:6      | You add the spells Sublimation of Blood, Petrify and
                  | Irradiate to your library.
  7612 | D:6      | Found a shadowy altar of Dithmenos.
  7628 | D:6      | Reached skill level 3 in Invocations
  7938 | D:6      | Found Nagem's Magic Scroll Shoppe.
  7983 | D:6      | HP: 15/62 [gnoll/+0 spear[a gnoll sergeant] (2)]
  7985 | D:6      | Reached skill level 4 in Invocations
  8003 | D:6      | HP: 11/62 [gnoll/+0 whip[a gnoll sergeant] (7)]
  8021 | D:6      | HP: 14/62 [gnoll/+0 whip[a gnoll sergeant] (1)]
  8029 | D:6      | HP: 11/62 [gnoll/+0 spear[a gnoll sergeant] (5)]
  8082 | D:6      | HP: 9/62 [gnoll/+0 whip[a gnoll sergeant] (7)]
  8087 | D:6      | HP: 8/62 [gnoll/+0 flail[a gnoll sergeant] (2)]
  8393 | D:6      | Found Xaonisuoz's Weapon Shop.
  8413 | D:6      | Noticed a troll
  8413 | D:6      | Noticed a troll
  8414 | D:6      | Found a large runed translucent door.
  8415 | D:6      | Found a large runed translucent door.
  8416 | D:6      | Found a large runed translucent door.
  8420 | D:6      | Found a large runed translucent door.
  8469 | D:6      | Noticed a boulder beetle
  8474 | D:6      | Slain by a boulder beetle

Vanquished Creatures
  Prince Ribbit (D:5)
  Edmund (D:4)
  A water moccasin (D:5)
  An orc warrior (D:6)
  An ogre (D:5)
  2 necrophages
  A gnoll sergeant (D:6)
  4 scorpions (D:5)
  5 hounds
  A jelly (D:3)
  An orc priest (D:5)
  An iguana (D:4)
  4 orc wizards
  Robin (D:1)
  13 gnolls
  12 adders
  A shadow imp (D:5)
  A white imp (D:6)
  2 worms
  18 orcs
  11 ball pythons
  5 endoplasms
  2 giant cockroaches (D:2)
  17 goblins
  7 hobgoblins
  6 kobolds
  4 quokkas
  5 bats
  5 frilled lizards
  3 rats
137 creatures vanquished.

Vanquished Creatures (others)
  A fungus (D:4)
  A plant (D:4)
2 creatures vanquished.

Grand Total: 139 creatures vanquished

Table legend:
 A = Non-vault XP
 B = Vault XP
 C = Vault XP percentage of total XP
 D = Non-vault monster count
 E = Vault monster count
 F = Vault count percentage of total count
                 A         B        C        D         E       F
            +---------+---------+-------+---------+---------+-------
      Total |    1863 |     602 |  24.4 |     115 |      22 |  16.1
            +---------+---------+-------+---------+---------+-------
        D:1 |      18 |      25 |  58.1 |      10 |       6 |  37.5
        D:2 |     106 |      14 |  11.7 |      28 |       7 |  20.0
        D:3 |     132 |      21 |  13.7 |      17 |       5 |  22.7
        D:4 |     137 |     173 |  55.8 |      15 |       1 |   6.2
        D:5 |    1010 |     267 |  20.9 |      24 |       1 |   4.0
        D:6 |     460 |     102 |  18.1 |      21 |       2 |   8.7
            +---------+---------+-------+---------+---------+-------

Illustrated notes

Table legend:
 A = Kills in this place as a percentage of kills in entire the game.
 B = Kills by you in this place as a percentage of kills by you in the entire game.
 C = Kills by friends in this place as a percentage of kills by friends in the entire game.
 D = Other kills in this place as a percentage of other kills in the entire game.
 E = Experience gained in this place as a percentage of experience gained in the entire game.
 F = Experience gained in this place divided by the number of levels of this place that you have seen.
                   A       B       C       D       E      F
               +-------+-------+-------+-------+-------+----------------------
         Total | 100.0 | 100.0 |   N/A |   N/A | 100.0 | 352.1
       Dungeon | 100.0 | 100.0 |   N/A |   N/A | 100.0 | 410.8
               +-------+-------+-------+-------+-------+----------------------

Table legend: (Time is in decaauts)
 A = Elapsed time spent in this place.
 B = Non-inter-level travel time spent in this place.
 C = Inter-level travel time spent in this place.
 D = Time resting spent in this place.
 E = Time spent auto-exploring this place.
 F = Levels seen in this place.
 G = Mean time per level.
                   A        B        C        D        E       F      G
               +--------+--------+--------+--------+--------+-----+--------+
         Total |   8489 |   8376 |    113 |   2458 |   4749 |   7 | 1212.7 |
       Dungeon |   8488 |   8375 |    113 |   2458 |   4749 |   6 | 1414.7 |
         Abyss |      1 |      1 |      0 |      0 |      0 |   1 |    1.0 |
               +--------+--------+--------+--------+--------+-----+--------+

Top non-repeatable levels by time:
     D:5: 1712 daAuts
     D:1: 1525 daAuts
     D:2: 1465 daAuts
     D:4: 1449 daAuts
     D:6: 1203 daAuts
     D:3: 1132 daAuts
 Abyss:1: 1 daAuts
